1974 views
Uploaded 2023-04-07 03:25:14
Game version 1.35 (6115)
8:14 long 2on2 ladder game on (4)DejaVu_S2_v1.5
Saved by GIGA
1974 views
Uploaded 2023-04-07 03:25:14
Game version 1.35 (6115)
8:14 long 2on2 ladder game on (4)DejaVu_S2_v1.5


44 units @ 3.9k
/ 0.1k
26 buildings @ 3.7k
/ 1.4k


| Potion of Healing | 2 | 300 |
| Moonstone | 1 | 50 |
| Potion of Mana | 1 | 200 |
| Boots of Speed | 1 | 250 |
| Staff of Teleportation | 1 | 150 |
| total: | 6 | 950g |
| Wisp | 21 | 1260 | / | 0 |
| Archer | 3 | 390 | / | 30 |
| total: | 24 | 1650g | / | 30w |
| Ancient Protector | 3 | 405 | / | 240 |
| Altar of Elders | 1 | 180 | / | 50 |
| Moon Well | 4 | 720 | / | 160 |
| Ancient of War | 1 | 150 | / | 60 |
| Tree of Life | 1 | 340 | / | 185 |
| Hunter's Hall | 1 | 210 | / | 100 |
| Ancient of Wonders | 1 | 90 | / | 30 |
| Ancient of Lore | 1 | 155 | / | 145 |
| Tree of Ages | 2 | 640 | / | 360 |
| Tree of Eternity | 2 | 660 | / | 400 |
| total: | 13 | 2250g | / | 970w |
| 0:01 | Wisp |
| 0:02 | Wisp |
| 0:02 | Wisp |
| 0:05 | Altar of Elders |
| 0:19 | Moon Well |
| 0:20 | Wisp |
| 0:30 | Ancient of War |
| 0:32 | Wisp |
| 0:42 | Wisp |
| 0:50 | Wisp |
| 1:02 | Wisp |
| 1:17 | Wisp |
| 1:31 | Moon Well |
| 1:33 | Archer |
| 1:49 | Wisp |
| 1:49 | Wisp |
| 2:08 | Wisp |
| 2:08 | Wisp |
| 2:30 | Immolation |
| 2:52 | Wisp |
| 2:52 | Wisp |
| 3:09 | Tree of Ages |
| 3:47 | Moon Well |
| 3:51 | Tree of Life |
| 3:57 | Hunter's Hall |
| 4:23 | Ancient of Wonders |
| 4:31 | Archer |
| 4:49 | Mana Burn |
| 5:02 | Moon Well |
| 5:08 | Ancient Protector |
| 5:09 | Ancient Protector |
| 5:24 | Archer |
| 5:34 | Wisp |
| 5:36 | Tree of Eternity |
| 6:00 | Breath of Fire |
| 6:08 | Wisp |
| 6:08 | Wisp |
| 6:08 | Wisp |
| 6:40 | Wisp |
| 6:40 | Wisp |
| 6:54 | Boots of Speed |
| 6:55 | Staff of Teleportation |
| 7:01 | Ancient of Lore |
| 7:12 | Ancient Protector |
| 7:31 | Potion of Healing |
| 7:46 | Moonstone |
| 7:46 | Potion of Healing |
| 7:50 | Potion of Mana |
| Right click | 415 |
| Select group | 232 |
| Select | 167 |
| Build/train/purchase | 56 |
| Assign group | 21 |
| Misc. action | 14 |
| Use ability | 14 |
| Remove unit | 8 |
| Minimap ping | 6 |
| Item give/drop | 1 |

| Peasant | 9 | 675 | / | 0 |
| Footman | 9 | 1215 | / | 0 |
| Rifleman | 1 | 205 | / | 30 |
| Forest Troll Shadow Priest | 1 | 195 | / | 10 |
| total: | 20 | 2290g | / | 40w |
| Altar of Kings | 1 | 180 | / | 50 |
| Barracks | 1 | 160 | / | 60 |
| Farm | 7 | 560 | / | 140 |
| Blacksmith | 1 | 140 | / | 60 |
| Lumber Mill | 1 | 120 | / | 0 |
| Arcane Vault | 1 | 130 | / | 30 |
| Workshop | 1 | 140 | / | 140 |
| Keep | 1 | 320 | / | 210 |
| Castle | 1 | 360 | / | 210 |
| total: | 13 | 1430g | / | 480w |
| 0:04 | Peasant |
| 0:05 | Peasant |
| 0:05 | Peasant |
| 0:05 | Peasant |
| 0:10 | Altar of Kings |
| 0:18 | Barracks |
| 0:29 | Farm |
| 0:41 | Peasant |
| 0:55 | Peasant |
| 1:06 | Farm |
| 1:08 | Peasant |
| 1:21 | Footman |
| 1:27 | Peasant |
| 1:41 | Footman |
| 1:50 | Farm |
| 2:02 | Footman |
| 2:10 | Peasant |
| 2:23 | Holy Light |
| 2:30 | Blacksmith |
| 2:40 | Farm |
| 2:46 | Footman |
| 3:02 | Footman |
| 3:18 | Iron Forged Swords |
| 3:32 | Footman |
| 3:52 | Iron Plating |
| 3:55 | Keep |
| 4:11 | Footman |
| 4:18 | Steel Plating |
| 4:21 | Devotion Aura |
| 4:30 | Lumber Mill |
| 4:54 | Farm |
| 4:58 | Rifleman |
| 5:10 | Arcane Vault |
| 5:41 | Farm |
| 5:43 | Footman |
| 6:16 | Divine Shield |
| 6:19 | Farm |
| 6:20 | Castle |
| 6:22 | Mithril Plating |
| 6:24 | Footman |
| 6:43 | Forest Troll Shadow Priest |
| 6:53 | Steel Forged Swords |
| 7:01 | Workshop |
| Select | 100 |
| Right click | 85 |
| Build/train/purchase | 33 |
| Use ability | 9 |
| Remove unit | 3 |
42 units @ 4.2k
/ 0.2k
24 buildings @ 3.1k
/ 1.2k


| Scroll of Regeneration | 1 | 100 |
| total: | 1 | 100g |
| Peasant | 11 | 825 | / | 0 |
| Footman | 6 | 810 | / | 0 |
| Sorceress | 5 | 775 | / | 100 |
| total: | 22 | 2410g | / | 100w |
| Scout Tower | 1 | 30 | / | 20 |
| Altar of Kings | 1 | 180 | / | 50 |
| Farm | 7 | 560 | / | 140 |
| Barracks | 1 | 160 | / | 60 |
| Blacksmith | 1 | 140 | / | 60 |
| Arcane Vault | 1 | 130 | / | 30 |
| Arcane Sanctum | 3 | 450 | / | 420 |
| Keep | 1 | 320 | / | 210 |
| total: | 15 | 1650g | / | 780w |
| 0:02 | Peasant |
| 0:14 | Altar of Kings |
| 0:15 | Peasant |
| 0:19 | Farm |
| 0:20 | Peasant |
| 0:32 | Peasant |
| 0:39 | Peasant |
| 0:50 | Peasant |
| 1:02 | Farm |
| 1:24 | Peasant |
| 1:33 | Keep |
| 1:50 | Barracks |
| 2:20 | Farm |
| 2:23 | Summon Water Elemental |
| 2:39 | Footman |
| 2:55 | Footman |
| 2:59 | Blacksmith |
| 3:28 | Footman |
| 3:30 | Farm |
| 3:36 | Scout Tower |
| 3:45 | Brilliance Aura |
| 4:05 | Peasant |
| 4:05 | Peasant |
| 4:08 | Arcane Sanctum |
| 4:09 | Arcane Sanctum |
| 4:29 | Arcane Vault |
| 4:55 | Footman |
| 4:57 | Storm Bolt |
| 5:01 | Arcane Sanctum |
| 5:08 | Farm |
| 5:10 | Peasant |
| 5:10 | Peasant |
| 5:26 | Defend |
| 5:29 | Sorceress |
| 5:34 | Scroll of Regeneration |
| 5:39 | Footman |
| 5:47 | Sorceress |
| 5:59 | Sorceress |
| 6:09 | Farm |
| 6:13 | Sorceress |
| 6:35 | Farm |
| 6:41 | Sorceress |
| 6:48 | Footman |
| Right click | 282 |
| Select | 143 |
| Select group | 96 |
| Build/train/purchase | 51 |
| Misc. action | 47 |
| Assign group | 21 |
| Use ability | 3 |
| Remove unit | 2 |
| Esc | 1 |


| Wisp | 11 | 660 | / | 0 |
| Archer | 9 | 1170 | / | 90 |
| total: | 20 | 1830g | / | 90w |
| Altar of Elders | 1 | 180 | / | 50 |
| Moon Well | 4 | 720 | / | 160 |
| Ancient of War | 2 | 300 | / | 120 |
| Ancient of Wonders | 1 | 90 | / | 30 |
| Hunter's Hall | 1 | 210 | / | 100 |
| Tree of Ages | 1 | 320 | / | 180 |
| total: | 9 | 1500g | / | 460w |
| 0:02 | Wisp |
| 0:03 | Wisp |
| 0:08 | Altar of Elders |
| 0:09 | Wisp |
| 0:19 | Moon Well |
| 0:30 | Wisp |
| 0:48 | Ancient of War |
| 0:54 | Wisp |
| 0:55 | Wisp |
| 1:39 | Wisp |
| 1:39 | Wisp |
| 1:40 | Wisp |
| 1:46 | Wisp |
| 1:54 | Archer |
| 2:38 | Moon Well |
| 2:41 | Ancient of War |
| 2:57 | Mana Burn |
| 3:34 | Wisp |
| 3:38 | Archer |
| 3:38 | Archer |
| 3:41 | Evasion |
| 3:48 | Archer |
| 3:52 | Tree of Ages |
| 4:24 | Moon Well |
| 4:26 | Archer |
| 5:20 | Mana Burn |
| 5:27 | Archer |
| 5:27 | Archer |
| 5:29 | Archer |
| 5:29 | Archer |
| 5:36 | Moon Well |
| 5:43 | Ancient of Wonders |
| 6:46 | Hunter's Hall |
| 7:29 | Summon Lava Spawn |
| Right click | 282 |
| Select | 137 |
| Select group | 69 |
| Resource trade | 35 |
| Build/train/purchase | 30 |
| Use ability | 17 |
| Assign group | 13 |
| Misc. action | 12 |
| Item give/drop | 1 |
| Esc | 1 |
| Minimap ping | 1 |